Match 42977769
Unlisted

Match 42977769
End
Kradschützen Motorcycle Team
Selects Armored Support Battlegroup
250 Light Carrier
Panzergrenadier Squad
Construct Light Support Kompanie
Combat Half-tracks
Selects Superior Fire Drills
Fire Support Elements
Assault Grenadier Squad
Flakvierling Half-track
MG34 Team
Pak 38 Mechanized Group
Construct Mechanized Kompanie
Selects Vehicle Awareness
Marder III Tank Destroyer
Vehicle Survival Package
Panzerjäger Mechanized Group
Construct Panzerarmee Kommand
2.5-tonne Medical Truck
Armored Reserves
Veteran Squad Leaders
2.5-tonne Medical Truck
Tiger Heavy Tank
Selects Panzer Storm
Selects Stuka Anti-tank Loiter
Assault Grenadier Squad
Rapid Advance
Stuka Anti-tank Loiter
Emergency Repair Kits
Selects Flammpanzer III Medium Tank
Flammpanzer III Medium Tank
Panzer IV Assault Group
Advanced Field Repairs
Stuka Anti-tank Loiter
Waspinator
nightshade rose
Cpot
Lord Krit
gabman6
横向穿插
Barry
UND-RJM
0
0

Comments sign in to comment!

No comments posted yet!